 Dungeon Crawl Stone Soup version 0.30.1-11-g7821555f0a (webtiles) character file.

Game seed: 351948096660039693

133 Wiggles the Chopper (level 4, -1/41 HPs)
             Began as a Minotaur Berserker on Nov 15, 2023.
             Was a Believer of Trog.
             Slain by a gnoll
             ... wielding a +0 spear
              (6 damage)
             ... on level 4 of the Dungeon.
             The game lasted 00:02:46 (1976 turns).

Wiggles the Chopper (Minotaur Berserker)            Turns: 1976, Time: 00:02:47

Health: -1/41      AC:  8    Str: 23    XL:     4   Next: 93%
Magic:  3/3        EV:  7    Int:  4    God:    Trog [**....]
Gold:   96         SH:  0    Dex: 10    Spells: 3/3 levels left

rFire   . . .        a - +0 hand axe
rCold   . . .        h - +0 tower shield
rNeg    . . .        q - +0 scale mail
rPois   .            (helmet restricted)
rElec   .            (no cloak)
rCorr   .            j - +1 pair of gloves
SInv    .            (no boots)
Will    .....        (no amulet) Stlth
                     (no ring)
HPRegen 0.26/turn    (no ring)
MPRegen 0.08/turn

%: no passive effects
@: confused, on berserk cooldown, slowed, very slow
A: horns 2, retaliatory headbutt
a: Renounce Religion, Berserk, Trog's Hand


You were on level 4 of the Dungeon.
You worshipped Trog.
Trog was pleased with you.
You visited 1 branch of the dungeon, and saw 4 of its levels.

You collected 96 gold pieces.

Inventory:

Hand Weapons
 a - a +0 hand axe (weapon)
Armour
 h - a +0 tower shield (worn)
 j - a +1 pair of gloves (worn)
 q - a +0 scale mail (worn)
Scrolls
 c - a scroll of amnesia {unknown}
 d - 3 scrolls of identify {unknown}
 e - 2 scrolls of fog {unknown}
 f - 3 scrolls of enchant weapon {unknown}
 k - a scroll of noise {unknown}
 m - 3 scrolls of teleportation {unknown}
 p - a scroll of fear {unknown}
Potions
 b - a potion of cancellation {unknown}
 g - a potion of berserk rage {unknown}
 i - a potion of curing {unknown}
 l - a potion of heal wounds {unknown}
 n - 2 potions of might {unknown}
 o - a potion of haste {unknown}


   Skills:
 + Level 4.6 Fighting
 + Level 5.3 Axes
 + Level 3.1 Armour
 + Level 2.6 Dodging
 + Level 0.4 Stealth
 + Level 0.9 Shields


You had 3 spell levels left.
You didn't know any spells.
Your spell library was empty.

Dungeon Overview and Level Annotations

Branches:
Dungeon (4/15)
 Temple: D:4-7

Altars:
Fedhas
Nemelex Xobeh
Uskayaw
Yredelemnul
Zin

Shops:
D:1 !


Innate Abilities, Weirdness & Mutations

You have a pair of horns on your head.
You reflexively headbutt those who attack you in melee.


Message History

The gnoll closely misses you. You block the gnoll's attack.
You barely miss the gnoll. You hit the gnoll.
You kill the gnoll!
Trog accepts your kill.
You closely miss the gnoll. The gnoll barely misses you.
The gnoll hits you with a +0 spear.
* * * LOW HITPOINT WARNING * * *
Your Axes skill increases to level 5!
You slash the gnoll!
You kill the gnoll!
Trog accepts your kill.
You completely miss the gnoll. You block the gnoll's attack.
You slash the orc!
You kill the orc!
Trog accepts your kill.
You slash the gnoll!
You kill the gnoll!
Trog accepts your kill.
Your Armour skill increases to level 3!
You barely miss the orc wizard. You closely miss the orc.
You slash the orc wizard! You block the orc's attack.
The gnoll hits you but does no damage.
The orc wizard points at you and mumbles some strange words.
You are confused.
You hit the orc wizard.
You kill the orc wizard!
Trog accepts your kill.
Trog appreciates your killing of a magic user.
You slash the orc!
You kill the orc!
Trog accepts your kill. The gnoll hits you but does no damage.
You bump into the rock wall.
You feel a strong urge to attack something.
The gnoll hits you but does no damage.
Items here: ))) ††.
You are no longer berserk.
You are exhausted.
You feel yourself slow down. The gnoll hits you with a +0 spear.
You die...

#.# #...#.### #.#
#........ ##.## ###.#####
# ##...##### #.# ##.
######........## #.#
#...##..............####.#
#........#.##.#......†...#
#...##.#...##.#))...######
# #.##....@)....##
#.######g###### #.......o#
########.#### #..o.#
#.....# .......# ........#
.#.......#


You could see a gnoll and an orc.

Vanquished Creatures
  An orc wizard (D:4)
  3 gnolls (D:4)
  2 adders (D:3)
  A worm (D:3)
  A dart slug (D:3)
  2 orcs (D:4)
  3 ball pythons
  7 bats
  2 endoplasms
  3 giant cockroaches
  6 goblins
  7 hobgoblins
  2 jackals (D:1)
  2 quokkas
  7 frilled lizards
  3 kobolds (D:2)
  4 rats
56 creatures vanquished.

Notes
Turn   | Place    | Note
-------+----------+-------------------------------------------
     0 | D:1      | Wiggles the Minotaur Berserker began the quest for the Orb.
     0 | D:1      | Reached XP level 1. HP: 19/19 MP: 0/0
   324 | D:1      | Reached XP level 2. HP: 27/27 MP: 1/1
   340 | D:1      | Reached skill level 4 in Axes
   444 | D:1      | Found Laryffij's Distillery.
   901 | D:2      | Reached XP level 3. HP: 33/33 MP: 2/2
   937 | D:2      | Reached ** piety under Trog
  1259 | D:3      | Found a hide-covered altar of Uskayaw.
  1260 | D:3      | Found a basalt altar of Yredelemnul.
  1409 | D:3      | Found a glowing silver altar of Zin.
  1411 | D:3      | Found a blossoming altar of Fedhas.
  1412 | D:3      | Found a sparkling altar of Nemelex Xobeh.
  1663 | D:3      | Reached XP level 4. HP: 41/41 MP: 3/3
  1969 | D:4      | Reached skill level 5 in Axes
  1976 | D:4      | Slain by a gnoll

Illustrated notes

Levels and vault maps discovered:
D:1:      wander_arrival_estate, layout_loops_cross, serial_shops,
          nicolae_square_shop, minivault_5, hangedman_decor_clover_reticule
D:2:      layout_rooms
D:3:      layout_loops_cross, minitemple
D:4:      layout_loops_corners, lemuel_round_altar, uniq_ijyb

Skill      XL: |  1  2  3  4 |
---------------+-------------+-----
Axes           | 4 5 |  5.3
Fighting       | 4 |  4.6
Armour         | 3 |  3.1
Dodging        | |  2.6
Stealth        | |  0.4
Shields        | |  0.9

Action                     |  1- 3 |  4- 6 || total
---------------------------+-------+-------++-------
  Melee: Hand axe          |    98 |    18 ||   116
         Headbutt          |     7 |       ||     7
         Punch             |     2 |       ||     2
 Invoke: Berserk           |       |     1 ||     1
   Stab: Sleeping          |     1 |       ||     1
 Armour: Animal skin       |     5 |       ||     5
         Leather armour    |    14 |       ||    14
         Scale mail        |     7 |    13 ||    20
  Dodge: Dodged            |    77 |     6 ||    83
  Block: Tower shield      |    10 |    23 ||    33
